 Dungeon Crawl Stone Soup version 0.31-a0-7-g51783674b7 (webtiles) character file.

Game seed: 10066712984001935384

2641 Getoffmy the Grappler (level 9, -1/89 HPs)
             Began as a Troll Monk on Apr 7, 2023.
             Was an Initiate of Ashenzari.
             Slain by an orc warrior
             ... wielding a +0 halberd
              (10 damage)
             ... in a bailey on May 5, 2023.
             The game lasted 00:15:22 (5925 turns).

Getoffmy the Grappler (Troll Monk)                  Turns: 5925, Time: 00:15:23

Health: -1/89      AC:  7    Str: 25    XL:     9   Next: 35%
Magic:  8/8        EV: 11    Int:  6    God:    Ashenzari [......]
Gold:   1082       SH:  0    Dex: 12    Spells: 8/8 levels left

rFire   . .          .
                       - Unarmed
rCold   + . .        (no shield)
rNeg    . . .        y - +2 robe
rPois   .            (helmet restricted)
rElec   .            e - +0 cloak
rCorr   .            (gloves unavailable)
SInv    .            (boots unavailable)
Will    .....        (no amulet)
Stlth   ++           c - +4 ring of slaying
HPRegen 1.14/turn    v - ring of protection from cold
MPRegen 0.11/turn

%: no passive effects
@: invisible
A: large, unfitting armour, claws 3, regeneration 1, shaggy fur 1, tough skin 1
a: Renounce Religion, Curse Item


You were in a bailey.
You worshipped Ashenzari.
Ashenzari was noncommittal.
You visited 1 branch of the dungeon, and saw 7 of its levels.
You also visited: Bailey.

You collected 1082 gold pieces.

Inventory:

Missiles
 g - 2 boomerangs (quivered)
 m - 6 boomerangs of dispersal
 p - 13 poisoned darts
 q - 58 stones
Armour
 e - a +0 cloak (worn)
 y - a +2 robe (worn)
 E - a scarf of harm
Jewellery
 c - a +4 ring of slaying (left claw)
 v - a ring of protection from cold (right claw)
 w - a ring of magical power
Wands
 i - a wand of iceblast (6)
 z - a wand of flame (32)
Scrolls
 a - a scroll of immolation {unknown}
 d - 4 scrolls of vulnerability
 o - a scroll of teleportation
 B - 2 scrolls of identify
 C - a scroll of poison {unknown}
Potions
 b - a potion of ambrosia
 f - 3 potions of flight
 j - a potion of haste
 k - a potion of attraction {unknown}
 l - 7 potions of curing
 n - 3 potions of might
 r - a potion of invisibility
 s - a potion of degeneration {unknown}
 t - 2 potions of lignification
 u - a potion of magic {unknown}
 x - 2 potions of mutation {unknown}
 A - a potion of cancellation


   Skills:
 + Level 5.8 Fighting
 + Level 5.9 Dodging
 - Level 1.0 Stealth
 * Level 9.6 Unarmed Combat


You had 8 spell levels left.
You didn't know any spells.
Your spell library contained the following spells:

 Spells                   Type           Power      Damage    Failure   Level
 Slow                     Hex            0%         N/A       45%         1
 Confusing Touch          Hex            0%         N/A       83%         3
 Vampiric Draining        Necr           0%         2d6       83%         3
 Vhi's Electric Charge    Tloc/Air       0%         N/A       83%         3
 Arcjolt                  Conj/Air       0%         1d10      100%        5
 Maxwell's Capacitive Co  Air            0%         ∞         100%        8


Dungeon Overview and Level Annotations

Branches:
Dungeon (7/15)             Bailey (1/1)
 Temple: D:4-7

Altars:
Ashenzari
Kikubaaqudgha
Uskayaw
Vehumet

Shops:
D:2 [   D:5 [


Innate Abilities, Weirdness & Mutations

You are too large for most types of armour.
You have claws for hands.
Your natural rate of healing is unusually fast.
You are covered in fur. (AC +1)
You have tough skin. (AC +1)


Message History

You catch the helpless orc warrior completely off-guard!
You claw the orc warrior!
You kill the orc warrior!
The orc warrior hits you from afar with a +0 glaive!
* * * LOW HITPOINT WARNING * * *
The orc warrior hits you from afar with a +0 halberd!
* * * LOW HITPOINT WARNING * * *
You are confused.
You feel invigorated. The orc barely misses you.
The orc warrior closely misses you.
The orc warrior hits you from afar with a +0 glaive!
* * * LOW HITPOINT WARNING * * *
There are monsters nearby!
Okay, then.
Unknown command.
The orc warrior barely misses you. The orc warrior closely misses you.
The orc barely misses you.
You feel less invigorated.
You feel less confused. The orc warrior barely misses you.
The orc warrior closely misses you.
The orc hits you from afar with a +0 spear.
* * * LOW HITPOINT WARNING * * *
The orc hits you from afar with a +0 spear.
* * * LOW HITPOINT WARNING * * *
The orc warrior misses you. The orc warrior barely misses you.
The orc warrior barely misses you.
The orc warrior hits you from afar with a +0 glaive.
* * * LOW HITPOINT WARNING * * *
The orc closely misses you.
There is an open gate here.
The orc warrior hits you from afar with a +0 halberd.
* * * LOW HITPOINT WARNING * * *
You barely miss the orc warrior.
The orc warrior hits you but does no damage.
The orc warrior barely misses you. x2; The orc closely misses you.
You completely miss the orc warrior. You claw the orc warrior!
The orc warrior is severely wounded.
The orc barely misses you.
The orc warrior hits you from afar with a +0 halberd!
You die...

≈.≈≈≈.........≈≈≈
≈≈c.≈≈≈.....≈≈≈..
≈≈≈≈..≈#...#≈..≈
≈≈≈≈≈≈.#...# ≈≈
≈≈≈≈≈≈≈#...#
≈≈≈≈≈≈≈#)..#
########'''#########
.........).o.o.....##
...........oo@......##
.....⌠#######⌠o......##
..#####)))))#####....≈#
.##...)≈≈≈≈≈....##...≈#
#.⌠.≈≈≈)..≈≈≈.⌠.#...≈#
#..≈≈)[≈[≈..≈≈..#...≈#
#.≈≈.≈≈≈.≈≈≈.≈≈.#⌠..≈#
##.≈.≈≈.[...≈≈.≈.##).≈#
#.≈≈.≈.≈≈≈≈≈.≈.≈≈.#).≈#


You could see 3 orc warriors and 2 orcs.

Vanquished Creatures
  A steam dragon (D:6)
  2 water moccasins (D:5)
  Duvessa (D:5)
  3 orc warriors
  A black bear (D:6)
  2 ice beasts (D:6)
  2 ogres
  2 centaurs (Bailey)
  A gnoll sergeant (D:6)
  2 scorpions
  Dowan (D:5)
  5 hounds
  2 jellies
  9 orc priests
  A sleepcap (D:6)
  Crazy Yiuf (D:3)
  Ijyb (D:4)
  8 orc wizards
  Robin (D:4)
  7 gnolls (D:6)
  5 adders
  A shadow imp (D:5)
  2 white imps
  An ufetubus (D:6)
  2 worms
  4 dart slugs
  40 orcs
  6 ball pythons
  9 endoplasms
  3 giant cockroaches
  18 goblins
  16 hobgoblins
  3 jackals (D:4)
  4 kobolds
  5 quokkas
  5 bats
  3 frilled lizards
  7 rats
187 creatures vanquished.

Vanquished Creatures (others)
  An orc (Bailey)
1 creature vanquished.

Grand Total: 188 creatures vanquished

Notes
Turn   | Place    | Note
-------+----------+-------------------------------------------
     0 | D:1      | Getoffmy the Troll Monk began the quest for the Orb.
     0 | D:1      | Reached XP level 1. HP: 22/22 MP: 0/0
   132 | D:1      | Reached XP level 2. HP: 29/29 MP: 1/1
   244 | D:1      | Found a faded altar of an unknown god.
   281 | D:1      | Prayed at the altar of an unknown god.
   281 | D:1      | Became a worshipper of Ashenzari the Shackled
   497 | D:1      | Reached XP level 3. HP: 36/36 MP: 2/2
  1022 | D:2      | Found Luleoris's Armour Emporium.
  1027 | D:2      | Reached skill level 4 in Unarmed Combat
  1235 | D:2      | Reached XP level 4. HP: 44/44 MP: 3/3
  1938 | D:3      | Reached XP level 5. HP: 53/53 MP: 4/4
  2145 | D:3      | Found a runed translucent door.
  2146 | D:3      | Noticed Crazy Yiuf
  2445 | D:3      | Killed Crazy Yiuf
  2446 | D:3      | Reached skill level 5 in Unarmed Combat
  2533 | D:3      | HP: 2/53 [orc wizard/+0 dagger (2)]
  2537 | D:3      | Reached XP level 6. HP: 5/61 MP: 5/5
  2998 | D:4      | Reached skill level 6 in Unarmed Combat
  2998 | D:4      | Reached XP level 7. HP: 68/68 MP: 6/6
  3046 | D:4      | Found an ancient bone altar of Kikubaaqudgha.
  3080 | D:4      | Noticed Ijyb
  3093 | D:4      | Killed Ijyb
  3246 | D:4      | Noticed Robin
  3269 | D:4      | Killed Robin
  3316 | D:4      | Identified a scroll of acquirement
  3316 | D:4      | Acquired 649 gold pieces
  3626 | D:5      | Entered Level 5 of the Dungeon
  3626 | D:5      | Found Jeezor's Antique Armour Emporium.
  3810 | D:5      | Found a radiant altar of Vehumet.
  3882 | D:5      | Reached skill level 7 in Unarmed Combat
  3896 | D:5      | Reached XP level 8. HP: 63/79 MP: 7/7
  4063 | D:5      | Found a hide-covered altar of Uskayaw.
  4090 | D:5      | Noticed Duvessa
  4090 | D:5      | Noticed Dowan
  4098 | D:5      | Killed Duvessa
  4102 | D:5      | Killed Dowan
  4317 | D:5      | Reached skill level 8 in Unarmed Combat
  4631 | D:6      | Reached skill level 5 in Fighting
  4631 | D:6      | Reached skill level 5 in Dodging
  4974 | D:6      | Reached XP level 9. HP: 78/88 MP: 8/8
  5029 | D:6      | Reached skill level 9 in Unarmed Combat
  5267 | D:6      | Upgraded the game from 0.30-a0-1016-gfb0d676c02 to
                  | 0.30-a0-1164-ge08a67761e
  5453 | D:7      | Found a flagged portal.
  5470 | Bailey   | Entered a bailey
  5499 | Bailey   | HP: 2/88 [centaur/+0 spear (5)]
  5500 | Bailey   | Upgraded the game from 0.30-a0-1164-ge08a67761e to
                  | 0.31-a0-7-g51783674b7
  5910 | Bailey   | HP: 4/89 [orc warrior/+0 glaive (10)]
  5925 | Bailey   | Slain by an orc warrior

Illustrated notes

Levels and vault maps discovered:
D:1:      elethiomel_arrival_shortcut, layout_basic,
          hellmonk_ecumenical_altar_inner_sanctum, serial_glass,
          glass_columns_a, glass_columns_a, item_on_display_a,
          item_on_display_a, due_unseen_surprise, minmay_strange_pillars
D:2:      layout_basic, serial_shops, nicolae_shop_advertising_works
          [nicolae_subvault_shop_adworks]
D:3:      layout_rooms, uniq_crazy_yiuf_cottage
D:4:      kennysheep_goblin_castle, layout_cave_pools,
          nicolae_overflow_crystal_walls, uniq_ijyb
D:5:      layout_basic, vehumet_altar_wand_db, nicolae_uskayaw_suspiria,
          serial_shops, nicolae_shop_hallway_stairs, uniq_duvessa
D:6:      layout_loops_corners
D:7:      layout_basic, nicolae_tso_besieged_by_evil,
          nzn_hepliaklqana_mist_gate, mainiacjoe_overflow_six_doors_small,
          temple_hall, enter_bailey_2
Bailey:   bailey_polearm_flooded_kennysheep, bailey

Skill      XL: |  1  2  3  4  5  6  7  8  9 |
---------------+----------------------------+-----
Unarmed Combat | 4 5 6 7 8 9 |  9.6
Fighting       | 3 4 5 |  5.8
Dodging        | 3 4 5 |  5.9
Stealth        | |  1.0

Action                     |  1- 3 |  4- 6 |  7- 9 || total
---------------------------+-------+-------+-------++-------
  Melee: Unarmed           |    94 |   127 |   260 ||   481
         Punch             |     2 |     3 |     9 ||    14
 Invoke: Curse Item        |     1 |       |       ||     1
         Shatter the Chain |       |     1 |       ||     1
    Use: Scroll            |       |       |    15 ||    15
         Potion            |       |       |     8 ||     8
   Stab: Sleeping          |     5 |     1 |     1 ||     7
         Distracted        |     1 |       |       ||     1
         Invisible         |       |       |     2 ||     2
 Armour: Robe              |    23 |    46 |    97 ||   166
  Dodge: Dodged            |    41 |    75 |   196 ||   312

Table legend: (Time is in decaauts)
 A = Elapsed time spent in this place.
 B = Non-inter-level travel time spent in this place.
 C = Inter-level travel time spent in this place.
 D = Time resting spent in this place.
 E = Time spent auto-exploring this place.
 F = Levels seen in this place.
 G = Mean time per level.
                   A        B        C        D        E       F      G
               +--------+--------+--------+--------+--------+-----+--------+
         Total |   5849 |   5485 |    364 |    756 |   3482 |   8 |  731.1 |
       Dungeon |   5422 |   5058 |    364 |    511 |   3430 |   7 |  774.6 |
        Bailey |    427 |    427 |      0 |    245 |     52 |   1 |  427.0 |
               +--------+--------+--------+--------+--------+-----+--------+

Top non-repeatable levels by time:
     D:2: 1033 daAuts
     D:5: 945 daAuts
     D:3: 886 daAuts
     D:1: 856 daAuts
     D:6: 856 daAuts
     D:4: 827 daAuts
  Bailey: 427 daAuts
     D:7: 16 daAuts
